 Dungeon Crawl Stone Soup version 0.29-a0-214-g17f627cfee (webtiles) character file.

Game seed: 14217612986159853278

186 dolemite99 the Quickloader (level 5, -19/43 HPs)
             Began as a Gnoll Hunter on Feb 25, 2022.
             Was a Believer of Sif Muna.
             Demolished by an ogre
             ... wielding a +0 giant spiked club
              (23 damage)
             ... on level 4 of the Dungeon.
             The game lasted 00:03:29 (3013 turns).

dolemite99 the Quickloader (Gnoll Hunter)           Turns: 3013, Time: 00:03:29

Health: -19/43     AC:  6    Str: 14    XL:     5   Next: 65%
Magic:  7/7        EV: 12    Int: 10    God:    Sif Muna [**....]
Gold:   161        SH:  0    Dex: 12    Spells: 7/7 levels left

rFire   . . .      SeeInvis .   a - +1 hand crossbow
rCold   . . .      Faith    .   (no shield)
rNeg    . . .      Spirit   .   l - +0 ring mail
rPois   .          Reflect  .   t - +0 helmet
rElec   .          Harm     .   (no cloak)
rCorr   .          Rampage  .   (no gloves)
Will    .....                   (no boots)
Stlth   +.........              (no amulet)
HPRegen 0.14/turn               (no ring)
MPRegen 0.10/turn               (no ring)

@: no status effects
A: fangs 1, strong nose, distributed training
a: Renounce Religion, Channel Magic


You were on level 4 of the Dungeon.
You worshipped Sif Muna.
Sif Muna was pleased with you.
You visited 1 branch of the dungeon, and saw 4 of its levels.

You collected 161 gold pieces.

Inventory:

Hand Weapons
 a - a +1 hand crossbow (weapon)
 g - a +0 short sword of protection
 s - a +0 dagger of freezing
 u - a +0 quarterstaff
Missiles
 m - 4 javelins
Armour
 b - a +0 leather armour
 l - a +0 ring mail (worn)
 t - a +0 helmet (worn)
Jewellery
 h - a ring of protection from cold
 r - a +6 ring of intelligence
Wands
 w - a wand of polymorph (6)
Scrolls
 c - 4 scrolls of identify {unknown}
 d - a scroll of immolation {unknown}
 j - a scroll of blinking {unknown}
 k - a scroll of amnesia {unknown}
 n - a scroll of magic mapping {unknown}
Potions
 e - 2 potions of attraction {unknown}
 f - 2 potions of heal wounds {unknown}
 i - a potion of brilliance {unknown}
 o - a potion of degeneration {unknown}
 p - 2 potions of curing
 q - a potion of lignification {unknown}
 v - 2 potions of mutation {unknown}


   Skills:
 + Level 4.8 Fighting
 + Level 1.6 Short Blades
 + Level 1.6 Long Blades
 + Level 1.6 Axes
 + Level 1.6 Maces & Flails
 + Level 1.6 Polearms
 + Level 1.6 Staves
 + Level 1.6 Slings
 + Level 1.6 Bows
 + Level 8.6 Crossbows
 + Level 1.6 Throwing
 + Level 1.6 Armour
 + Level 4.8 Dodging
 + Level 2.8 Stealth
 + Level 1.6 Shields
 + Level 1.6 Unarmed Combat
 + Level 1.6 Spellcasting
 + Level 1.2 Conjurations
 + Level 1.2 Hexes
 + Level 1.2 Summonings
 + Level 1.2 Necromancy
 + Level 1.2 Translocations
 + Level 1.2 Transmutations
 + Level 1.2 Fire Magic
 + Level 1.2 Ice Magic
 + Level 1.2 Air Magic
 + Level 1.2 Earth Magic
 + Level 1.2 Poison Magic
 + Level 1.8 Invocations
 + Level 1.6 Evocations


You had 7 spell levels left.
You didn't know any spells.
Your spell library was empty.

Dungeon Overview and Level Annotations

Branches:
Dungeon (4/15)
 Temple: D:4-7

Altars:
Nemelex Xobeh
Sif Muna

Annotations:
D:2 exclusion: downstairs
D:3 Sigmund


Innate Abilities, Weirdness & Mutations

You have very sharp teeth.
Your uncanny sense of smell can sniff out nearby items.
Your experience applies equally to all skills.


Message History

The ogre is lightly wounded.
Shoot: a) +1 hand crossbow
Press: ? - help, Shift-Dir - straight line, f/p - ogre
Aim: an ogre, wielding a +0 giant spiked club (lightly wounded, 79% to hit)
You shoot a bolt.
The bolt hits the ogre but does no damage.
The ogre is lightly wounded.
Shoot: a) +1 hand crossbow
Press: ? - help, Shift-Dir - straight line, f/p - ogre
Aim: an ogre, wielding a +0 giant spiked club (lightly wounded, 79% to hit)
You shoot a bolt. The jackal barks!
The bolt hits the ogre but does no damage.
The ogre is lightly wounded.
Shoot: a) +1 hand crossbow
Press: ? - help, Shift-Dir - straight line, f/p - ogre
Aim: an ogre, wielding a +0 giant spiked club (lightly wounded, 79% to hit)
You shoot a bolt. The bolt barely misses the ogre.
The bolt hits the orc!
You kill the orc!
Sif Muna accepts your kill.
The ogre hits you with a +0 giant spiked club.
An orc comes into view. It is wielding a +0 dagger.
Shoot: a) +1 hand crossbow
Press: ? - help, Shift-Dir - straight line, f/p - ogre
Aim: an ogre, wielding a +0 giant spiked club (79% to hit)
You shoot a bolt.
The bolt hits the ogre but does no damage.
The ogre barely misses you.
Shoot: a) +1 hand crossbow
Press: ? - help, Shift-Dir - straight line, f/p - ogre
Aim: an ogre, wielding a +0 giant spiked club (79% to hit)
You shoot a bolt. The bolt hits the ogre.
The ogre is lightly wounded.
The ogre hits you with a +0 giant spiked club!!
Ouch! That really hurt!
* * * LOW HITPOINT WARNING * * *
The jackal completely misses you.
The ogre hits you with a +0 giant spiked club!!
Ouch! That really hurt!
You die...

#.###..........##............#
................)).......>...#
############.#.##............#
.............#.##............#
###......#####.##............#
.. #.##............#
###.############### #...h...#
#...O@..# ∆ #.......#
#...)...# #....o..# ##......#
#......# #......# #......#


You could see an ogre, an orc and a jackal.

Vanquished Creatures
  A hound (D:4)
  Ijyb (D:4)
  2 orc wizards (D:4)
  An adder skeleton (D:4)
  A dart slug (D:4)
  9 orcs
  7 ball pythons
  6 endoplasms
  3 goblins
  5 hobgoblins
  9 jackals
  2 quokkas (D:4)
  6 bats
  4 frilled lizards
  4 kobolds
  A rat (D:3)
62 creatures vanquished.

Notes
Turn   | Place    | Note
-------+----------+-------------------------------------------
     0 | D:1      | dolemite99 the Gnoll Hunter began the quest for the Orb.
     0 | D:1      | Reached XP level 1. HP: 20/20 MP: 1/1
    83 | D:1      | Reached XP level 2. HP: 26/26 MP: 2/2
   850 | D:2      | Reached XP level 3. HP: 31/31 MP: 3/3
  1041 | D:2      | Found a faded altar of an unknown god.
  1076 | D:2      | Prayed at the altar of an unknown god.
  1076 | D:2      | Became a worshipper of Sif Muna the Loreminder
  1076 | D:2      | Reached * piety under Sif Muna
  1242 | D:2      | Found a sparkling altar of Nemelex Xobeh.
  1481 | D:2      | Reached skill level 1 in Invocations
  1820 | D:3      | Noticed Sigmund
  2027 | D:4      | Reached skill level 1 in Short Blades
  2027 | D:4      | Reached skill level 1 in Long Blades
  2027 | D:4      | Reached skill level 1 in Axes
  2027 | D:4      | Reached skill level 1 in Maces & Flails
  2027 | D:4      | Reached skill level 1 in Polearms
  2027 | D:4      | Reached skill level 1 in Staves
  2027 | D:4      | Reached skill level 1 in Slings
  2027 | D:4      | Reached skill level 1 in Bows
  2027 | D:4      | Reached skill level 1 in Throwing
  2027 | D:4      | Reached skill level 1 in Armour
  2027 | D:4      | Reached skill level 1 in Shields
  2027 | D:4      | Reached skill level 1 in Unarmed Combat
  2027 | D:4      | Reached skill level 1 in Spellcasting
  2027 | D:4      | Reached skill level 1 in Evocations
  2035 | D:4      | Reached XP level 4. HP: 36/38 MP: 5/5
  2197 | D:4      | Reached skill level 1 in Conjurations
  2197 | D:4      | Reached skill level 1 in Hexes
  2197 | D:4      | Reached skill level 1 in Summonings
  2197 | D:4      | Reached skill level 1 in Necromancy
  2197 | D:4      | Reached skill level 1 in Translocations
  2197 | D:4      | Reached skill level 1 in Transmutations
  2197 | D:4      | Reached skill level 1 in Fire Magic
  2197 | D:4      | Reached skill level 1 in Ice Magic
  2197 | D:4      | Reached skill level 1 in Air Magic
  2197 | D:4      | Reached skill level 1 in Earth Magic
  2197 | D:4      | Reached skill level 1 in Poison Magic
  2198 | D:4      | Noticed Ijyb
  2279 | D:4      | Killed Ijyb
  2418 | D:4      | Reached XP level 5. HP: 33/43 MP: 6/6
  2806 | D:4      | Reached ** piety under Sif Muna
  3004 | D:4      | Noticed an ogre
  3013 | D:4      | Demolished by an ogre

Illustrated notes

Levels and vault maps discovered:
D:1:      minmay_arrival_shoal_huts, layout_loops_ring
D:2:      layout_basic, basic_altar, ebering_ecumenical_altar_abandoned,
          nicolae_concentric_dashed_squares_wild, minmay_tetromino_o4
D:3:      layout_rooms, uniq_sigmund
D:4:      layout_basic, serial_shops, nicolae_shop_hallway_plus, uniq_ijyb

Skill      XL: |  1  2  3  4 |
---------------+-------------+-----
Invocations    | 1 |  1.8
Short Blades   | 1 |  1.6
Long Blades    | 1 |  1.6
Axes           | 1 |  1.6
Maces & Flails | 1 |  1.6
Polearms       | 1 |  1.6
Staves         | 1 |  1.6
Slings         | 1 |  1.6
Bows           | 1 |  1.6
Throwing       | 1 |  1.6
Armour         | 1 |  1.6
Shields        | 1 |  1.6
Unarmed Combat | 1 |  1.6
Spellcasting   | 1 |  1.6
Evocations     | 1 |  1.6
Conjurations   | 1 |  1.2
Hexes          | 1 |  1.2
Summonings     | 1 |  1.2
Necromancy     | 1 |  1.2
Translocations | 1 |  1.2
Transmutations | 1 |  1.2
Fire Magic     | 1 |  1.2
Ice Magic      | 1 |  1.2
Air Magic      | 1 |  1.2
Earth Magic    | 1 |  1.2
Poison Magic   | 1 |  1.2
Fighting       | |  4.8
Crossbows      | |  8.6
Dodging        | |  4.8
Stealth        | |  2.8

Action                   |  1- 3 |  4- 6 || total
-------------------------+-------+-------++-------
Melee: Hand crossbow     |       |     3 ||     3
 Fire: Hand crossbow     |   124 |   111 ||   235
Armor: Leather armour    |     1 |       ||     1
       Ring mail         |    10 |    30 ||    40
Dodge: Dodged            |    28 |    45 ||    73

Table legend: (Time is in decaauts)
 A = Elapsed time spent in this place.
 B = Non-inter-level travel time spent in this place.
 C = Inter-level travel time spent in this place.
 D = Time resting spent in this place.
 E = Time spent auto-exploring this place.
 F = Levels seen in this place.
 G = Mean time per level.
                   A        B        C        D        E       F      G
               +--------+--------+--------+--------+--------+-----+--------+
         Total |   3056 |   2891 |    165 |    734 |   1529 |   4 |  764.0 |
       Dungeon |   3056 |   2891 |    165 |    734 |   1529 |   4 |  764.0 |
               +--------+--------+--------+--------+--------+-----+--------+

Top non-repeatable levels by time:
     D:2: 971 daAuts
     D:4: 909 daAuts
     D:1: 783 daAuts
     D:3: 391 daAuts
